 Dungeon Crawl Stone Soup version 0.31-a0-1447-g87ca8d402b (webtiles) character file.

Game seed: 440633057598773314

173 Sonofthefire the Trooper (level 5, -15/39 HPs)
             Began as an Octopode Shapeshifter on Dec 27, 2023.
             Demolished by an ogre
             ... wielding a +0 giant spiked club
              (20 damage)
             ... on level 3 of the Dungeon.
             The game lasted 00:02:38 (2102 turns).

Sonofthefire the Trooper (Octopode Shapeshifter)    Turns: 2102, Time: 00:02:39

Health: -15/39     AC:  1    Str: 15    XL:     5   Next: 53%
Magic:  5/5        EV: 13    Int: 19    God:
Gold:   116        SH:  0    Dex: 11    Spells: 4/4 levels left

rFire   . .          .
                       - Unarmed
rCold   . . .        (no shield)
rNeg    . . .        (helmet currently unavailable)
rPois   .            (no amulet)
rElec   .            o - +6 ring of intelligence
rCorr   .            (no ring)
SInv    .            (no ring)
Will    .....        (no ring)
Stlth   ++           (no ring)
HPRegen 0.26/turn    (no ring)
MPRegen 0.09/turn    (no ring)
                     (no ring)

%: no passive effects
@: beast-form
A: beast (slay +1), almost no armour, amphibious, 8 rings, camouflage 1,
gelatinous body 1, (nimble swimmer 1), tentacles
a: Begin Untransformation


You were on level 3 of the Dungeon.
You were a hulking beast.
You visited 1 branch of the dungeon, and saw 4 of its levels.

You collected 116 gold pieces.

Inventory:

Jewellery
 o - a +6 ring of intelligence (left tentacle)
Talismans
 b - a beast talisman
 c - a flux talisman
Scrolls
 e - a scroll of blinking {unknown}
 f - a scroll of immolation {unknown}
 g - a scroll of teleportation {unknown}
 h - a scroll of brand weapon {unknown}
 i - 2 scrolls of identify {unknown}
 j - a scroll of fog {unknown}
 n - a scroll of amnesia {unknown}
 s - a scroll of vulnerability {unknown}
Potions
 a - a potion of lignification
 d - a potion of brilliance {unknown}
 k - a potion of resistance {unknown}
 l - 3 potions of might {unknown}
 m - a potion of cancellation {unknown}
 p - 2 potions of curing {unknown}
 q - a potion of attraction {unknown}
 r - a potion of enlightenment {unknown}


   Skills:
 + Level 5.2 Fighting
 - Level 2.0 Dodging
 - Level 3.0 Unarmed Combat
 - Level 3.0 Shapeshifting


You had 4 spell levels left.
You didn't know any spells.
Your spell library contained the following spells:

 Spells                   Type           Power      Damage    Failure   Level
 Passage of Golubria      Tloc           0%         N/A       90%         4
 Silence                  Hex/Air        0%         N/A       99%         5
 Lehudib's Crystal Spear  Conj/Erth      0%         10d2      100%        8


Dungeon Overview and Level Annotations

Branches:
Dungeon (4/15)
 Temple: D:4-7

Altars:
Hepliaklqana

Annotations:
D:3 2 transporters


Innate Abilities, Weirdness & Mutations

You are a hulking beast.
Your limbs bulge with bestial killing power. (Slay +1)
You cannot wear most types of armour.
You are amphibious.
You can wear up to eight rings at the same time.
Your skin changes colour to match your surroundings (Stealth+).
Your rubbery body absorbs attacks. (AC +1, EV +1)
((You are camouflaged when in or above water. (Stealth+)))
You have tentacles for arms and can constrict up to eight enemies at once.


Message History

You bludgeon the orc priest!
The orc priest is almost dead.
You constrict the orc priest.
You kill the orc priest!
The orc priest calls down the wrath of Beogh upon you.
Beogh smites you!
The orc priest mumbles some strange prayers to Beogh against you.
Beogh smites you!
There is a stone staircase leading up here.
You climb upwards.
Level annotation: 2 transporters
There is a stone staircase leading down here.
You start resting.
HP restored.
You climb downwards.
The ogre barely misses you.
There is a stone staircase leading up here.
The ogre barely misses you.
You climb upwards.
Level annotation: 2 transporters
There is a stone staircase leading down here.
You tentacle-slap the ogre.
The ogre is lightly wounded.
The ogre closely misses you.
You tentacle-slap the ogre.
The ogre is lightly wounded.
You tentacle-slap the ogre. You squeeze the ogre!
The ogre is heavily wounded.
The ogre hits you with a +0 giant spiked club!
You tentacle-slap the ogre.
Your tentacle-slap misses the ogre.
The ogre is heavily wounded.
The ogre hits you with a +0 giant spiked club!!
Ouch! That really hurt!
* * * LOW HITPOINT WARNING * * *
You tentacle-slap the ogre. You squeeze the ogre.
The ogre is almost dead.
You tentacle-slap the ogre. You squeeze the ogre.
The ogre is almost dead.
The ogre hits you with a +0 giant spiked club!!
Ouch! That really hurt!
You die...

#(......# #......#
#.......# #......#
#.......# #......#####
#.......###...........
#....<...##...........
#........##.##........
#........#..##........
#####O.....###........
#h........########
#.#######.# #.# #.#
###.#######.#######
#......)#.........#
#.....#.#.#..####.#
#.........##......##
###+###..#######.##...
#..........#.....##.#.


You could see an ogre.

Vanquished Creatures
  An orc priest (D:4)
  An orc wizard (D:3)
  2 gnolls (D:1)
  4 adders
  2 worms (D:2)
  3 dart slugs
  5 orcs (D:3)
  5 ball pythons
  2 endoplasms
  6 giant cockroaches
  2 goblins
  2 hobgoblins (D:1)
  7 kobolds
  3 bats (D:2)
  3 frilled lizards
  4 rats
  A spectral orc (D:3)
53 creatures vanquished.

Notes
Turn   | Place    | Note
-------+----------+-------------------------------------------
     0 | D:1      | Sonofthefire the Octopode Shapeshifter began the quest for
                  | the Orb.
     0 | D:1      | Reached XP level 1. HP: 13/13 MP: 1/1
    51 | D:1      | Reached skill level 2 in Fighting
    51 | D:1      | Reached XP level 2. HP: 14/19 MP: 2/2
   419 | D:1      | Reached skill level 3 in Fighting
   419 | D:1      | Reached XP level 3. HP: 17/26 MP: 3/3
  1155 | D:2      | Reached XP level 4. HP: 33/33 MP: 4/4
  1187 | D:2      | Reached skill level 4 in Fighting
  1564 | D:3      | Found a hazy altar of Hepliaklqana.
  1641 | D:3      | Reached XP level 5. HP: 28/38 MP: 5/5
  1776 | D:3      | Found a transporter.
  1777 | D:3      | Found a transporter.
  1930 | D:3      | Reached skill level 5 in Fighting
  2007 | D:4      | Noticed an ogre
  2102 | D:3      | Demolished by an ogre

Illustrated notes

Levels and vault maps discovered:
D:1:      sevenhm_arrival_forest_fort_large_4, layout_loops_corners,
          minmay_tromino_v4_c
D:2:      layout_rooms, minmay_worlds_worst_comb
D:3:      gammafunk_steamed_eel, layout_basic,
          nicolae_hepliaklqana_monster_ancestors
D:4:      layout_loops_ring, gammafunk_ghost_abyssal_escape,
          chequers_serial_rivers_micro_c, kennysheep_potato, uniq_edmund

Skill      XL: |  1  2  3  4  5 |
---------------+----------------+-----
Fighting       | 2 3 4 5 |  5.2
Dodging        | |  2.0
Unarmed Combat | |  3.0
Shapeshifting  | |  3.0

Action                     |  1- 3 |  4- 6 || total
---------------------------+-------+-------++-------
  Melee: Unarmed           |    54 |    55 ||   109
         Constrict         |    13 |    17 ||    30
         Tentacles         |    12 |    13 ||    25
         Punch             |     1 |     2 ||     3
   Stab: Sleeping          |    10 |     1 ||    11
 Armour: Skin              |    15 |    20 ||    35
  Dodge: Dodged            |    21 |    29 ||    50

Table legend: (Time is in decaauts)
 A = Elapsed time spent in this place.
 B = Non-inter-level travel time spent in this place.
 C = Inter-level travel time spent in this place.
 D = Time resting spent in this place.
 E = Time spent auto-exploring this place.
 F = Levels seen in this place.
 G = Mean time per level.
                   A        B        C        D        E       F      G
               +--------+--------+--------+--------+--------+-----+--------+
         Total |   2096 |   2051 |     45 |    344 |   1359 |   4 |  524.0 |
       Dungeon |   2096 |   2051 |     45 |    344 |   1359 |   4 |  524.0 |
               +--------+--------+--------+--------+--------+-----+--------+

Top non-repeatable levels by time:
     D:1: 961 daAuts
     D:3: 564 daAuts
     D:2: 556 daAuts
     D:4: 14 daAuts
